 Dungeon Crawl Stone Soup version 0.28.0 (webtiles) character file.

Game seed: 2740328330273205351

5 inmateoo the Conjurer (level 1, -1/14 HPs)
             Began as a Barachi Conjurer on Feb 14, 2022.
             Succumbed to an adder's poison
             ... on level 2 of the Dungeon.
             The game lasted 00:00:59 (564 turns).

inmateoo the Conjurer (Barachi Conjurer)             Turns: 564, Time: 00:00:59

Health: -1/14      AC:  2    Str:  8    XL:     1   Next: 80%
Magic:  1/3        EV: 12    Int: 18    God:
Gold:   3          SH:  0    Dex: 10    Spells: 3/4 levels left

rFire   . . .      SeeInvis .   (no weapon)
rCold   . . .      Faith    .   (no shield)
rNeg    . . .      Spirit   .   a - +0 robe
rPois   .          Reflect  .   (no helmet)
rElec   .          Harm     .   (no cloak)
rCorr   .          Rampage  .   (no gloves)
Will    .....                   (no boots)
Stlth   ++........              (no amulet)
HPRegen 0.04/turn               (no ring)
MPRegen 0.08/turn               (no ring)

@: lethally poisoned (-1 -> -4), unable to hop, slow
A: amphibious, slowness 1, strong legs 1, +LOS
a: Hop


You were on level 2 of the Dungeon.
You visited 1 branch of the dungeon, and saw 2 of its levels.

You collected 3 gold pieces.

Inventory:

Armour
 a - a +0 robe (worn)
Scrolls
 b - a scroll of amnesia {unknown}


   Skills:
 + Level 0.3 Fighting
 + Level 2.2 Dodging
 + Level 1.9 Stealth
 + Level 0.4 Unarmed Combat
 + Level 2.2 Spellcasting
 + Level 4.4 Conjurations


You had 3 spell levels left.
You knew the following spells:

 Your Spells              Type           Power      Damage    Failure   Level
a - Magic Dart            Conj           72%        1d6       2%          1

Your spell library contained the following spells:

 Spells                   Type           Power      Damage    Failure   Level
 Searing Ray              Conj           36%        2d5       4%          2
 Dazzling Flash           Conj/Hex       20%        N/A       22%         3
 Tukima's Dance           Hex            2%         N/A       47%         3
 Fulminant Prism          Conj/Hex       5%         3d7       56%         4
 Iskenderun's Mystic Bla  Conj/Tloc      10%        2d4       56%         4
 Passage of Golubria      Tloc           2%         N/A       87%         4
 Yara's Violent Unravell  Hex/Tmut       1%         3d3       99%         5


Dungeon Overview and Level Annotations

Branches:
Dungeon (2/15)

Altars:


Innate Abilities, Weirdness & Mutations

You are amphibious.
You cover ground slowly.
You can hop short distances.
You have an extended range of vision and can be seen from far away.


Message History

The adder is moderately wounded.
The adder bites you.
You are poisoned.
The adder poisons you! The adder bites you but does no damage.
Casting: Magic Dart (safe; 2% risk of failure)
Confirm with . or Enter, or press ? or * to list all spells.
Aiming: Magic Dart (safe; 2% risk of failure)
Press: ? - help, Shift-Dir - straight line, f/p - adder
Aim: an adder (moderately wounded, 100% to hit)
The magic dart hits the adder.
The adder is heavily wounded.
You feel sick. The adder barely misses you.
Hop to where?
Press: ? - help, Dir - move target, p - adder Boing!
You feel sick.
You aren't carrying any items that you can evoke.
Unknown command.
You feel sick.
You feel sick.
You are no longer poisoned.
Your magical contamination has completely faded away.
You hit the adder.
The adder is heavily wounded.
The adder bites you.
* * * LOW HITPOINT WARNING * * *
You barely miss the adder.
The adder is heavily wounded.
The adder closely misses you.
You closely miss the adder.
The adder is heavily wounded.
The adder closely misses you. The adder barely misses you.
You hit the adder but do no damage.
The adder is heavily wounded.
The adder bites you.
* * * LOW HITPOINT WARNING * * *
You are lethally poisoned!
The adder poisons you!
You aren't carrying any potions.
Unknown command.
You die...

##.# #.........# #
... ####..........
#.##.##............
#.#.#.#.#........#
#................##.
#.#.#.#.#...........
#...†...).......#
###.#.#.#.S.....#
#...<..@##...###
##.#.#.###...#
####.## #...### #.#
#.....# #.. #.....#
.... #.....# .....
#...###
..S..###'########
l................


You could see an adder.

Vanquished Creatures
  An endoplasm (D:2)
  A kobold (D:1)
  A ball python (D:1)
  A bat (D:2)
  A frilled lizard (D:1)
  A rat (D:1)
6 creatures vanquished.

Notes
Turn   | Place    | Note
-------+----------+-------------------------------------------
     0 | D:1      | inmateoo the Barachi Conjurer began the quest for the Orb.
     0 | D:1      | Reached XP level 1. HP: 13/13 MP: 3/3
   564 | D:2      | Succumbed to an adder's poison

Illustrated notes

Levels and vault maps discovered:
D:1:      dpeg_arrival_pits, layout_basic, minivault_27
D:2:      layout_basic, st_stairs_8

Action                   || total
-------------------------++-------
Melee: Unarmed           ||     4
 Cast: Magic Dart        ||    13
 Abil: Hop               ||     1
  Use: Scroll            ||     2
Armor: Robe              ||     1
Dodge: Dodged            ||     6
